 Dungeon Crawl Stone Soup version 0.29.1-1-gd02db6906a (webtiles) character file.

Game seed: 3295199605577652292

18581 KamiKatze the Thaumaturge (level 12, -6/64 HPs)
             Began as a Deep Elf Conjurer on Oct 12, 2022.
             Was a Believer of Vehumet.
             Mangled by an elephant (16 damage)
             ... on level 1 of the Lair of Beasts on Oct 13, 2022.
             The game lasted 01:06:57 (13619 turns).

KamiKatze the Thaumaturge (Deep Elf Conjurer)      Turns: 13619, Time: 01:06:58

Health: -6/64      AC:  9    Str:  4    XL:     12   Next: 29%
Magic:  3/30       EV: 14    Int: 29    God:    Vehumet [**....]
Gold:   200        SH:  0    Dex: 13    Spells: 18/35 levels left

rFire   . . .      SeeInvis .   a - staff of air
rCold   . . .      Faith    .   (no shield)
rNeg    . . .      Spirit   .   J - +1 robe of Vines {NoPotionHeal Regen++++}
rPois   +          Reflect  .   m - +0 helmet
rElec   +          Harm     .   O - +1 cloak
rCorr   .          Rampage  .   p - +0 pair of gloves
Will    +....                   e - +1 pair of boots
Stlth   ++++......              (no amulet)
HPRegen 3.40/turn               P - ring of poison resistance
MPRegen 0.22/turn               w - ring of wizardry

@: lethally poisoned (-6 -> -6)
A: no striking features
a: Renounce Religion


You were on level 1 of the Lair of Beasts.
You worshipped Vehumet.
Vehumet was pleased with you.
You visited 3 branches of the dungeon, and saw 13 of its levels.
You also visited: Ossuary and Gauntlet.

You collected 732 gold pieces.
You spent 532 gold pieces at shops.

Inventory:

Hand Weapons
 b - a +0 short sword
 R - a +0 dagger of venom
Missiles
 f - 4 throwing nets
 j - 10 curare-tipped darts
 v - 23 poisoned darts (quivered)
Armour
 e - a +1 pair of boots (worn)
 g - the +2 leather armour "Aride" {Will++}
   (You found it on level 10 of the Dungeon)

   Will:      It greatly increases your willpower.
 m - a +0 helmet (worn)
 p - a +0 pair of gloves (worn)
 q - a +2 robe
 J - the +1 robe of Vines (worn) {NoPotionHeal Regen++++}
   (You found it on level 7 of the Dungeon)

   Its wearer cannot be healed by potions.
   Regen:     It increases your rate of health regeneration.
 O - a +1 cloak (worn)
Magical Staves
 a - a staff of air (weapon)
 S - a staff of death
Jewellery
 i - a +6 ring of dexterity
 l - a ring of protection from fire
 w - a ring of wizardry (right hand)
 D - a ring of wizardry
 F - a +6 ring of intelligence
 P - a ring of poison resistance (left hand)
Wands
 H - a wand of digging (4)
 L - a wand of roots (7)
 M - a wand of polymorph (11)
 Q - a wand of mindburst (2)
Scrolls
 h - a scroll of poison
 n - 6 scrolls of teleportation
 r - 4 scrolls of magic mapping
 t - a scroll of acquirement {unknown}
 x - 2 scrolls of vulnerability
 y - a scroll of fear
 A - 3 scrolls of enchant armour
 C - a scroll of blinking {unknown}
 G - a scroll of torment {unknown}
 I - a scroll of summoning
 K - a scroll of brand weapon {unknown}
Potions
 c - 5 potions of mutation
 d - 4 potions of haste
 k - 3 potions of attraction
 o - 7 potions of curing
 s - a potion of invisibility
 u - a potion of might {unknown}
 z - 2 potions of flight
 B - 2 potions of lignification
 E - 5 potions of heal wounds
 N - a potion of brilliance


   Skills:
 - Level 3.4 Fighting
 - Level 6.0 Dodging
 - Level 8.4 Stealth
 - Level 12.1 Spellcasting
 - Level 10.9 Conjurations
 - Level 10.0 Hexes
 - Level 9.4 Translocations
 + Level 6.8 Air Magic


You had 18 spell levels left.
You knew the following spells:

 Your Spells              Type           Power      Damage    Failure   Level
a - Magic Dart            Conj           100%       1d8       1%          1
b - Searing Ray           Conj           100%       2d8       1%          2
c - Fulminant Prism       Conj/Hex       34%        3d16      1%          4
d - Iskenderun's Mystic   Conj/Tloc      67%        2d14      1%          4
l - Conjure Ball Lightni  Conj/Air       40%        3x3d13    4%          6

Your spell library contained the following spells:

 Spells                   Type           Power      Damage    Failure   Level
 Foxfire                  Conj/Fire      100%       2x1d9     1%          1
 Summon Small Mammal      Summ           68%        N/A       1%          1
 Ensorcelled Hibernation  Hex/Ice        92%        N/A       1%          2
 Passwall                 Tmut/Erth      14%        N/A       1%          2
 Sublimation of Blood     Necr           17%        N/A       1%          2
 Wereblood                Tmut           17%        N/A       1%          2
 Dazzling Flash           Conj/Hex       100%       N/A       1%          3
 Portal Projectile        Hex/Tloc       100%       N/A       1%          3
 Summon Guardian Golem    Hex/Summ       46%        N/A       1%          3
 Swiftness                Air            71%        N/A       1%          3
 Leda's Liquefaction      Hex/Erth       23%        N/A       1%          4
 Call Canine Familiar     Summ           17%        N/A       3%          3
 Malign Gateway           Summ/Tloc      22%        N/A       78%         7
 Summon Hydra             Summ           8%         N/A       100%        7
 Summon Horrible Things   Summ           8%         N/A       100%        8
 Fire Storm               Conj/Fire      24%        8d6       100%        9


Dungeon Overview and Level Annotations

Branches:
Dungeon (10/15)            Temple (1/1) D:7            Lair (2/5) D:8
Ossuary (visited)         Gauntlet (visited)
  Swamp: Lair:2-3    Shoals: Lair:2-3     Snake: Lair:2-3    Spider: Lair:2-3
    Orc: D:9-12

Altars:
Ashenzari
Cheibriados
Dithmenos
Elyvilon
Fedhas
Gozag
Hepliaklqana
Kikubaaqudgha
Makhleb
Nemelex Xobeh
Okawaru
Qazlal
Ru
Sif Muna
Trog
Uskayaw
Vehumet
Wu Jian
Xom
Yredelemnul
The Shining One

Shops:
D:5 :(   D:9 *   D:10 *

Annotations:
D:3 1 runed translucent door, exclusion: door, Crazy Yiuf, Ijyb
Lair:1 1 runed translucent door, 2 transporters, exclusion: door, TangoThomas's ghost, journeyman TeCA


Message History

The black mamba poisons you! The black mamba bites you.
* * * LOW HITPOINT WARNING * * *
Unknown command.
You feel very sick. The black mamba barely misses you. x2
Being near the torpor snail leaves you feeling lethargic.
The elephant tramples you but does no damage.
The elephant trunk-slaps you but does no damage.
You climb upwards.
Level annotation: 1 runed translucent door, 2 transporters, exclusion: door, TangoThomas's ghost, journeyman TeCA You feel yourself speed up.
You feel extremely sick.
There is a stone staircase leading down here.
Casting: Iskenderun's Mystic Blast (safe; 1% risk of failure)
Confirm with . or Enter, or press ? or * to list all spells.
You erupt in a blast of force!
The mystic blast hits the black mamba!!
The black mamba is severely wounded.
The black mamba is knocked back by the mystic blast.
The mystic blast hits the elephant but does no damage.
The elephant is heavily wounded.
You feel very sick. The elephant tramples you!
* * * LOW HITPOINT WARNING * * *
You stumble backwards!
Unknown command.
Casting: Iskenderun's Mystic Blast (safe; 1% risk of failure)
Confirm with . or Enter, or press ? or * to list all spells.
You erupt in a blast of force!
The mystic blast hits the black mamba!!
You kill the black mamba!
Vehumet accepts your kill.
You feel your power returning.
The mystic blast hits the elephant!
The elephant is heavily wounded.
You feel sick. The elephant misses you. The elephant completely misses you.
Unknown command.
Casting: Iskenderun's Mystic Blast (safe; 1% risk of failure)
Confirm with . or Enter, or press ? or * to list all spells.
You erupt in a blast of force!
The mystic blast hits the elephant!
The elephant is severely wounded.
You feel sick. The elephant tramples you!
You die...

#####
#####################P#.#
....>...................#
.............##.#.###...#
.............#..#.###...#
##.####......##..†.##...#
..............#....##...##
.......#.....##.@Y..#....#
.............##....##...##
.......#.....#.....##...#
.............##....#....#
♣♣.....#[.....###.###...#
~~'###'#.....####.##....#
~.......................#
♣~......................#
♣♣......................#


You could see an elephant.

Vanquished Creatures
  Harold (D:9)
  4 hydras
  Erica (D:8)
  A two-headed ogre (D:10)
  Sonja (Lair:1)
  Pikel (D:6)
  Maurice (D:8)
  Joseph (D:7)
  3 black mambas (Lair:1)
  2 cane toads
  Psyche (D:8)
  Maggie (D:9)
  2 komodo dragons (Lair:1)
  A troll (D:7)
  A hornet (D:9)
  5 blink frogs (Lair:1)
  Grinder (D:4)
  A dream sheep (Lair:2)
  Sigmund (D:2)
  18 yaks
  Eustachio (D:4)
  2 wyverns
  2 steam dragons
  Menkaure (D:6)
  Edmund (D:4)
  6 water moccasins
  2 sky beasts
  2 orc warriors (D:9)
  2 ice beasts
  6 wolves (Lair:1)
  4 ogres
  4 lemures (D:6)
  2 centaurs
  A phantom (D:7)
  2 elf zombies (Ossuary)
  A kobold brigand (D:7)
  Blork the orc (D:6)
  A bullfrog (Lair:1)
  A scorpion (D:5)
  5 wights (D:9)
  16 killer bees
  2 centaur zombies (Ossuary)
  2 orc priests
  3 human zombies (Ossuary)
  3 hounds
  3 jellies
  3 gnoll boudas
  An iguana (D:5)
  5 orc wizards
  Natasha (D:2)
  3 mummies (Ossuary)
  Robin (D:2)
  16 gnolls
  7 adders
  A shadow imp (D:6)
  6 adder zombies (Ossuary)
  6 worms
  4 dart slugs
  29 orcs
  6 bats (D:1)
  9 endoplasms
  A giant cockroach (D:1)
  A gnoll zombie (Ossuary)
  15 goblins
  9 hobgoblins
  8 jackals
  18 kobolds
  2 quokkas
  5 ball pythons
  2 frilled lizards
  4 goblin zombies
  2 hobgoblin zombies (Ossuary)
  4 jackal zombies (Ossuary)
  3 kobold zombies (Ossuary)
  2 orc zombies (Ossuary)
  3 quokka zombies (Ossuary)
  6 rats
  4 rat zombies
311 creatures vanquished.

Vanquished Creatures (others)
  156 fulminant prisms
  5 fungi (Lair:1)
  45 plants
206 creatures vanquished.

Grand Total: 517 creatures vanquished

Notes
Turn   | Place    | Note
-------+----------+-------------------------------------------
     0 | D:1      | KamiKatze the Deep Elf Conjurer began the quest for the
                  | Orb.
     0 | D:1      | Reached XP level 1. HP: 10/10 MP: 6/6
   184 | D:1      | Reached XP level 2. HP: 11/15 MP: 6/8
   187 | D:1      | Learned a level 2 spell: Searing Ray
   557 | D:1      | Reached XP level 3. HP: 19/19 MP: 8/10
   997 | D:2      | Noticed Robin
  1003 | D:2      | Killed Robin
  1012 | D:1      | Reached skill level 1 in Hexes
  1081 | D:2      | Reached skill level 1 in Translocations
  1091 | D:2      | Reached XP level 4. HP: 24/24 MP: 5/11
  1110 | D:2      | Reached skill level 4 in Spellcasting
  1110 | D:2      | Reached skill level 5 in Conjurations
  1115 | D:2      | Learned a level 4 spell: Fulminant Prism
  1208 | D:2      | Found a broken altar of Ashenzari.
  1454 | D:2      | Noticed Sigmund
  1463 | D:2      | Killed Sigmund
  1464 | D:2      | Reached XP level 5. HP: 3/28 MP: 8/14
  1698 | D:2      | Noticed Natasha
  1702 | D:2      | Killed Natasha
  1703 | D:2      | Reached XP level 6. HP: 22/32 MP: 10/15
  1741 | D:2      | Learned a level 4 spell: Iskenderun's Mystic Blast
  1742 | D:2      | Found a faded altar of an unknown god.
  1930 | D:3      | Reached skill level 5 in Spellcasting
  2576 | D:3      | Found a runed translucent door.
  2576 | D:3      | Noticed Ijyb
  2577 | D:3      | Noticed Crazy Yiuf
  2596 | D:3      | Noticed a water moccasin
  2599 | D:3      | Killed a water moccasin
  3036 | D:4      | Found an ornate altar of the Wu Jian Council.
  3036 | D:4      | Noticed Grinder
  3049 | D:4      | Paralysed by Grinder for 4 turns
  3053 | D:4      | Killed Grinder
  3054 | D:4      | Reached XP level 7. HP: 36/36 MP: 3/17
  3343 | D:4      | Noticed Edmund
  3410 | D:4      | Killed Edmund
  3411 | D:4      | Reached skill level 6 in Spellcasting
  3753 | D:4      | Noticed Eustachio
  3768 | D:4      | Killed Eustachio
  3769 | D:4      | Reached skill level 5 in Hexes
  3769 | D:4      | Reached XP level 8. HP: 41/41 MP: 3/19
  3814 | D:4      | Found a hide-covered altar of Uskayaw.
  4147 | D:5      | Entered Level 5 of the Dungeon
  4224 | D:5      | Found a sand-covered staircase.
  4231 | Ossuary  | Entered an ossuary
  5073 | Ossuary  | Reached skill level 7 in Spellcasting
  5353 | D:5      | Found Fengamm's Weapon Shoppe.
  5383 | D:5      | Reached skill level 5 in Translocations
  5445 | D:5      | Found Urosiyx's Book Shoppe.
  5611 | D:5      | Found an iron altar of Okawaru.
  5620 | D:5      | Reached skill level 5 in Stealth
  6106 | D:6      | Reached XP level 9. HP: 45/45 MP: 17/22
  6432 | D:6      | Noticed Pikel
  6438 | D:6      | Noticed Blork the orc
  6446 | D:6      | Reached skill level 5 in Dodging
  6748 | D:6      | Killed Blork the orc
  6749 | D:6      | Reached skill level 8 in Spellcasting
  6765 | D:6      | Killed Pikel
  6972 | D:6      | Noticed Menkaure
  6978 | D:6      | Killed Menkaure
  7243 | D:7      | Found a sparkling altar of Nemelex Xobeh.
  7526 | D:7      | Noticed a troll
  7577 | D:7      | Killed a troll
  7726 | D:7      | Found the +1 robe of Vines {NoPotionHeal Regen++++}
  7741 | D:7      | Noticed a six-headed hydra
  7759 | D:7      | Killed a six-headed hydra
  7760 | D:7      | Reached skill level 9 in Spellcasting
  7760 | D:7      | Reached XP level 10. HP: 50/50 MP: 6/25
  8036 | D:7      | Noticed Joseph
  8047 | D:7      | Killed Joseph
  8402 | D:7      | Found a staircase to the Ecumenical Temple.
  8408 | Temple   | Entered the Ecumenical Temple
  8526 | Temple   | Became a worshipper of Vehumet
  8910 | D:8      | Noticed Erica
  8925 | D:8      | Killed Erica
  8926 | D:8      | Reached skill level 1 in Fighting
  8941 | D:8      | Reached skill level 10 in Spellcasting
  9040 | D:8      | Noticed Psyche
  9056 | D:8      | Killed Psyche
  9123 | D:8      | Noticed Maurice
  9304 | D:8      | Killed Maurice
  9739 | D:8      | Found a staircase to the Lair.
  9785 | D:9      | Noticed an angel
  9785 | D:9      | Found Sauloarph's Hallowed Reliquary.
  9791 | D:9      | Reached * piety under Vehumet
  9791 | D:9      | Offered knowledge of Sandblast by Vehumet.
 10025 | D:9      | Noticed Harold
 10040 | D:9      | Killed Harold
 10041 | D:9      | Reached XP level 11. HP: 57/57 MP: 1/27
 10112 | D:9      | Noticed Maggie
 10120 | D:9      | Killed Maggie
 10323 | D:9      | Found a shadowy altar of Dithmenos.
 10656 | D:9      | Reached skill level 10 in Hexes
 10927 | D:10     | Entered Level 10 of the Dungeon
 10932 | D:10     | Reached skill level 10 in Conjurations
 11030 | D:10     | Found Beinof's Serpentskin Sales.
 11126 | D:10     | Offered knowledge of Foxfire by Vehumet.
 11127 | D:10     | Reached skill level 11 in Spellcasting
 11143 | D:10     | Reached ** piety under Vehumet
 11319 | D:10     | Found an ancient bone altar of Kikubaaqudgha.
 11320 | D:10     | Noticed a two-headed ogre
 11330 | D:10     | Killed a two-headed ogre
 11438 | D:5      | Bought Ydghitzar's Atlas of the Aerial Barrage for 532 gold
                  | pieces
 11445 | D:5      | Learned a level 6 spell: Conjure Ball Lightning
 11623 | D:10     | Identified the +2 leather armour "Aride" {Will++}
 11831 | Lair:1   | Entered Level 1 of the Lair of Beasts
 11841 | Lair:1   | Found a gate leading to a gauntlet.
 11858 | Gauntlet | Entered a Gauntlet
 11858 | Gauntlet | Found a transporter.
 11858 | Gauntlet | Found a transporter.
 11859 | Gauntlet | Found a transporter.
 11860 | Gauntlet | Found a transporter.
 11861 | Gauntlet | Found a transporter.
 11863 | Gauntlet | Found a transporter.
 11865 | Gauntlet | Noticed an oklob plant
 11873 | Gauntlet | Found a transporter.
 11873 | Gauntlet | Found a transporter.
 11874 | Gauntlet | Found a transporter.
 11876 | Gauntlet | Found a transporter.
 11880 | Gauntlet | Found a runed translucent door.
 11882 | Gauntlet | Found a runed translucent door.
 11888 | Gauntlet | Found a transporter.
 11889 | Gauntlet | Found a transporter.
 11890 | Gauntlet | Noticed a catoblepas
 12074 | Lair:1   | Reached skill level 1 in Air Magic
 12084 | Lair:1   | Noticed a four-headed hydra
 12099 | Lair:1   | Killed a four-headed hydra
 12240 | Lair:1   | Noticed a four-headed hydra
 12264 | D:8      | Killed a four-headed hydra
 12367 | Lair:1   | Found a runed translucent door.
 12413 | Lair:1   | Noticed a four-headed hydra
 12418 | Lair:1   | Noticed a boulder beetle
 12419 | Lair:1   | Noticed Sonja
 12421 | Lair:1   | Killed a four-headed hydra
 12422 | Lair:1   | Reached skill level 12 in Spellcasting
 12662 | Lair:1   | Reached XP level 12. HP: 64/64 MP: 18/30
 12970 | Lair:1   | Reached skill level 5 in Air Magic
 13077 | Lair:1   | Killed Sonja
 13146 | Lair:1   | Identified the +2 leather armour "Uschae" {rElec rF- rC++
                  | rN+}
 13314 | Lair:1   | Found a transporter.
 13314 | Lair:1   | Noticed a catoblepas
 13317 | Lair:1   | Noticed TangoThomas's ghost (journeyman TeCA)
 13321 | Lair:1   | Found a transporter.
 13619 | Lair:1   | Mangled by an elephant

Illustrated notes

Levels and vault maps discovered:
D:1:      dpeg_arrival_houses_and_road, layout_loops_ring
D:2:      layout_loops_ring, shapermc_ecumenical_altar_pompeii, basic_altar,
          uniq_sigmund, uniq_robin, uniq_natasha
D:3:      layout_basic, zin_angel, uniq_crazy_yiuf_cottage, uniq_ijyb
D:4:      layout_basic, mainiacjoe_overflow_alcove_4, overflow_temple_1_default,
          uniq_eustachio, uniq_edmund, uniq_grinder
D:5:      layout_loops_ring, mainiacjoe_overflow_brackets, serial_shops, shop,
          nicolae_shop_competitors_out_of_business, enter_ossuary_4, nrook_uturn
D:6:      layout_loops_ring, supply_closet_lemuel, nicolae_water_bricks,
          uniq_menkaure, uniq_pikel, uniq_blork_the_orc
D:7:      layout_loops_cross, mainiacjoe_overflow_concentric_impassable,
          minmay_temple_entry_fiery, hellmonk_guarded_unrand_vines, uniq_joseph
D:8:      layout_basic, lair_entry_dummy, uniq_maurice, uniq_psyche, uniq_erica
D:9:      layout_cave_pods, mainiacjoe_overflow_six_doors_small,
          nicolae_good_shop, uniq_maggie, uniq_harold
D:10:     layout_roguey, lemuel_round_altar, guppyfry_shop_venom
Temple:   regret_index_temple_waves
Lair:1:   gammafunk_indiana_jones, layout_regular_city, gauntlet_entry_generic,
          gammafunk_ghost_arena, serial_bayou_crossing, uniq_sonja
Lair:2:   layout_regular_city, palyth_hydra_swamp_entry

Skill      XL: |  1  2  3  4  5  6  7  8  9 10 11 12 |
---------------+-------------------------------------+-----
Stealth        | 3 4 5 6 7 8 |  8.4
Hexes          | 1 3 4 5 6 8 9 10 | 10.0
Translocations | 1 2 3 4 5 6 8 9 |  9.4
Spellcasting   | 4 5 6 7 9 10 12 | 12.1
Conjurations   | 5 6 7 8 9 10 | 10.9
Dodging        | 3 4 5 6 |  6.0
Fighting       | 2 3 |  3.4
Air Magic      | 3 6 |  6.8

Action                   |  1- 3 |  4- 6 |  7- 9 | 10-12 || total
-------------------------+-------+-------+-------+-------++-------
Melee: Dagger            |    19 |     1 |    25 |    23 ||    68
       Staff             |       |       |       |     2 ||     2
 Cast: Magic Dart        |    57 |    59 |   110 |     9 ||   235
       Searing Ray       |     3 |    12 |    27 |     7 ||    49
       Fulminant Prism   |       |     1 |    56 |    99 ||   156
       Iskenderun's Myst |       |       |    11 |    60 ||    71
Evoke: Wand              |       |       |       |     5 ||     5
  Use: Scroll            |       |       |    11 |     7 ||    18
       Potion            |       |       |     1 |       ||     1
 Stab: Sleeping          |     2 |     1 |     1 |       ||     4
Armor: Robe              |     8 |     2 |    22 |    15 ||    47
Dodge: Dodged            |    10 |     7 |    37 |    35 ||    89
